 Dungeon Crawl Stone Soup version 0.31-a0-220-gc2f4f3cf83 (webtiles) character file.

Game seed: 6394599517569458769

148 qw the Shooter (level 5, 0/30 HPs)
             Began as a Gargoyle Hexslinger on July 3, 2023.
             Slain by Natasha (5 damage)
             ... on level 2 of the Dungeon.
             The game lasted 00:00:40 (1625 turns).

qw the Shooter (Gargoyle Hexslinger)                Turns: 1625, Time: 00:00:40

Health: 0/30       AC:  9    Str: 11 (12) XL:     5   Next: 30%
Magic:  6/6        EV: 10    Int: 13      God:
Gold:   65         SH:  0    Dex: 14      Spells: 5/6 levels left

rFire   . . .        a - +1 sling
rCold   . . .        (no shield)
rNeg    + . .        e - +0 ring mail
rPois   inf          (no helmet)
rElec   +            (no cloak)
rCorr   .            (no gloves)
SInv    .            (no boots)
Will    .....        (no amulet)
Stlth   +            (no ring)
HPRegen 0.25/turn    (no ring)
MPRegen 0.10/turn

%: no passive effects
@: slowed, very slow
A: sickness immunity, AC +4, negative energy resistance 1, electricity
resistance, torment resistance 1, petrification resistance
a: no special abilities


You were on level 2 of the Dungeon.
You visited 1 branch of the dungeon, and saw 2 of its levels.

You collected 65 gold pieces.


Innate Abilities, Weirdness & Mutations

You are immune to sickness and miasma.
Your stone body is resilient. (AC +4)
You are immune to poison.
You resist negative energy. (rN+)
You are resistant to electric shocks. (rElec)
You are resistant to unholy torment.
You are immune to petrification.


   Skills:
 - Level 2.0 Fighting
 + Level 4.7 Ranged Weapons
 - Level 1.7 Armour
 - Level 1.5 Dodging
 - Level 1.0 Spellcasting
 - Level 2.6 Hexes


You had 5 spell levels left.
You knew the following spells:

 Your Spells              Type           Power      Damage    Failure   Level
a - Slow                  Hex            28%        N/A       22%         1

Your spell library contained the following spells:

 Spells                   Type           Power      Damage    Failure   Level
 Inner Flame              Hex/Fire       4%         N/A       75%         3
 Portal Projectile        Hex/Tloc       8%         N/A       75%         3
 Cause Fear               Hex            3%         N/A       91%         4

Inventory:

Hand Weapons
 a - a +1 sling (weapon)
Armour
 e - a +0 ring mail (worn)
Scrolls
 b - 2 scrolls of teleportation {unknown}
 c - a scroll of fog {unknown}
 g - 2 scrolls of identify {unknown}
 h - a scroll of fear {unknown}
 j - a scroll of noise {unknown}
Potions
 d - 2 potions of haste {unknown}
 f - a potion of brilliance {unknown}
 i - a potion of resistance {unknown}
 k - a potion of might {unknown}

Dungeon Overview and Level Annotations

Branches:
Dungeon (2/15)

Altars:

Shops:
D:1 =

Annotations:
D:2 Natasha


Message History

Natasha screams in pain as she dies!
You feel your intelligence returning.
You start resting.
HP restored.
You see here the felid corpse of Natasha.
There is an open door here.
You see here a +0 club.
There is an open door here.
There is an open door here.
There is a stone staircase leading down here.
There is an open door here.
Natasha, Servant of Life and Death comes into view.
You shoot a sling bullet. The sling bullet barely misses Natasha.
Natasha hisses angrily.
Natasha casts a spell at you.
You feel yourself slow down.
You shoot a sling bullet.
The sling bullet closely misses Natasha.
Natasha casts a spell at you.
You feel as though you will be slow longer.
You shoot a sling bullet. The sling bullet barely misses Natasha.
Natasha casts a spell at you. The magic dart hits you!
Natasha mumbles some strange words.
You shoot a sling bullet.
The sling bullet closely misses the cerulean imp.
The cerulean imp hits you from afar with a +2 spear.
You shoot a sling bullet. The sling bullet hits Natasha.
Natasha is lightly wounded.
The cerulean imp hits you but does no damage.
Natasha barely misses you.
The cerulean imp hits you from afar with a +2 spear.
Natasha claws you!
The cerulean imp hits you from afar with a +2 spear.
You shoot a sling bullet. The sling bullet hits Natasha.
Natasha is moderately wounded.
Natasha completely misses you.
The cerulean imp hits you from afar with a +2 spear.
Natasha claws you.
You die...

#....#.# #....'.#
#....### ##'### #####.#
#.....# ###########
#.###########...##....#
#.# #.......'...##....#
#>###.#######@..##....#
#.....# #h..##....#
####### #5..#..<..#
###.#.##'## #.#.##.#
#.#.##.# #.#.##.#
#.#.##.# #.#.##.#


You could see Natasha and a cerulean imp (summoned).

Vanquished Creatures
  Natasha (twice) (D:2)
  4 adders (D:2)
  4 dart slugs
  2 bats (D:1)
  2 endoplasms
  3 giant cockroaches
  3 goblins
  3 hobgoblins
  6 jackals (D:1)
  7 kobolds
  2 quokkas (D:2)
  7 ball pythons
  4 frilled lizards
  9 rats
58 creatures vanquished.

Notes
Turn   | Place    | Note
-------+----------+-------------------------------------------
     0 | D:1      | qw the Gargoyle Hexslinger began the quest for the Orb.
     0 | D:1      | Reached XP level 1. HP: 12/12 MP: 2/2
     0 | D:1      | 0 ||| qw: Version: 0.3-a-40-ge99b1a8
     0 | D:1      | 0 ||| qw: Game counter: 495
     0 | D:1      | 0 ||| qw: Melee chars always use a shield: true
     0 | D:1      | 0 ||| qw: God list: Okawaru
     0 | D:1      | 0 ||| qw: Allow faded altars: false
     0 | D:1      | 0 ||| qw: Do Orc after clearing Dungeon:15 true
     0 | D:1      | 0 ||| qw: Do second Lair branch before Depths: true
     0 | D:1      | 0 ||| qw: Lair rune preference: random
     0 | D:1      | 0 ||| qw: Goals: Normal
     0 | D:1      | 0 ||| PLANNING D:1-11
    87 | D:1      | Reached XP level 2. HP: 16/16 MP: 3/3
   209 | D:1      | Found Huerus's Jewellery Emporium.
   282 | D:1      | Reached skill level 3 in Ranged Weapons
   445 | D:1      | Reached XP level 3. HP: 21/21 MP: 4/4
   746 | D:1      | 746 ||| UPGRADING to +0 ring mail.
   756 | D:1      | 756 ||| DROPPING +0 robe.
   757 | D:1      | 757 ||| DRINKING 2 orange potions.
   758 | D:1      | 758 ||| DROPPING scroll of poison.
   759 | D:1      | 759 ||| DROPPING potion of degeneration.
   897 | D:2      | Reached XP level 4. HP: 26/26 MP: 5/5
   960 | D:2      | Reached skill level 4 in Ranged Weapons
  1216 | D:2      | Noticed Natasha
  1225 | D:2      | Killed Natasha
  1226 | D:2      | Reached skill level 1 in Armour
  1267 | D:2      | Found a faded altar of an unknown god.
  1385 | D:2      | Reached XP level 5. HP: 30/30 MP: 6/6
  1553 | D:2      | Noticed Natasha
  1557 | D:2      | Killed Natasha
  1619 | D:2      | Noticed Natasha
  1625 | D:2      | HP: 5/30 [cerulean imp/+2 spear[Natasha] (4)]
  1625 | D:2      | Slain by Natasha

Levels and vault maps discovered:
D:1:      elethiomel_arrival_shortcut, layout_loops_ring, serial_shops,
          nicolae_shop_statue_plus
D:2:      layout_basic, ebering_ecumenical_altar_webs, uniq_natasha

Skill      XL: |  1  2  3  4 |
---------------+-------------+-----
Ranged Weapons | 3 4 |  4.7
Fighting       | 2 |  2.0
Armour         | 1 |  1.7
Dodging        | |  1.5
Spellcasting   | |  1.0
Hexes          | |  2.6

Action                     |  1- 3 |  4- 6 || total
---------------------------+-------+-------++-------
   Fire: Sling             |    98 |    79 ||   177
    Use: Potion            |     1 |       ||     1
 Armour: Robe              |    10 |       ||    10
         Ring mail         |     7 |    17 ||    24
  Dodge: Dodged            |    32 |    17 ||    49

Table legend:
 A = Non-vault XP
 B = Vault XP
 C = Vault XP percentage of total XP
 D = Non-vault monster count
 E = Vault monster count
 F = Vault count percentage of total count
                 A         B        C        D         E       F
            +---------+---------+-------+---------+---------+-------
      Total |     177 |      35 |  16.5 |      57 |       1 |   1.7
            +---------+---------+-------+---------+---------+-------
        D:1 |      50 |       0 |   0.0 |      31 |       0 |   0.0
        D:2 |     127 |      35 |  21.6 |      26 |       1 |   3.7
            +---------+---------+-------+---------+---------+-------
